 Dungeon Crawl Stone Soup version 0.30-a0-748-ge6a52f7cba (webtiles) character file.

Game seed: 7063712959550678815

16150 boo the Martial Artist (level 12, -6/98 HPs)
             Began as a Demonspawn Monk on Feb 9, 2023.
             Was a High Priest of Okawaru.
             Mangled by an eight-headed hydra (7 damage)
             ... on level 4 of the Lair of Beasts.
             The game lasted 00:18:42 (11677 turns).

boo the Martial Artist (Demonspawn Monk)           Turns: 11677, Time: 00:18:43

Health: -6/98      AC:  7    Str: 16    XL:     12   Next: 7%
Magic:  12/12      EV: 20    Int: 12    God:    Okawaru [*****.]
Gold:   850        SH:  5    Dex: 16    Spells: 11/11 levels left

rFire   . . .      SeeInvis .      - Unarmed
rCold   . . .      Faith    .    (no shield)
rNeg    . . .      Spirit   .    i - +0 steam dragon scales
rPois   .          Reflect  +    a - +0 helmet
rElec   .          Harm     .    I - +0 cloak
rCorr   +          Rampage  .    (no gloves)
Will    .....                    (boots unavailable)
Stlth   ++                       g - amulet of reflection
HPRegen 0.36/turn                l - ring of resist corrosion
MPRegen 0.13/turn                o - ring of flight

@: about to teleport, marked, flying
A: hooves 3, repulsion field 2, ignite blood 3, powered by death 2
a: Renounce Religion, Heroism, Finesse, Duel


You were on level 4 of the Lair of Beasts.
You worshipped Okawaru.
Okawaru was extremely pleased with you.
You visited 3 branches of the dungeon, and saw 13 of its levels.

You collected 850 gold pieces.

Inventory:

Missiles
 x - a throwing net (quivered)
Armour
 a - a +0 helmet (worn)
 i - +0 steam dragon scales (worn)
 D - +0 acid dragon scales
 I - a +0 cloak (worn)
Jewellery
 g - an amulet of reflection (around neck)
 l - a ring of resist corrosion (left hand)
 o - a ring of flight (right hand)
 J - a ring of fire
Wands
 f - a wand of digging (2)
 r - a wand of polymorph (6)
 H - a wand of roots (14)
 L - a wand of paralysis (4)
Scrolls
 h - 2 scrolls of enchant armour
 n - a scroll of enchant weapon {unknown}
 p - a scroll of noise {unknown}
 q - 2 scrolls of torment {unknown}
 s - 2 scrolls of magic mapping {unknown}
 t - a scroll of summoning {unknown}
 w - 2 scrolls of blinking {unknown}
 y - 2 scrolls of teleportation
 B - 2 scrolls of fog {unknown}
 C - 2 scrolls of fear {unknown}
 G - 2 scrolls of poison {unknown}
 K - a scroll of amnesia {unknown}
Potions
 b - 3 potions of ambrosia
 c - 2 potions of mutation
 d - 4 potions of berserk rage
 e - 2 potions of heal wounds
 j - 2 potions of haste
 k - 5 potions of curing {unknown}
 m - 2 potions of lignification {unknown}
 u - 2 potions of might {unknown}
 v - 3 potions of resistance {unknown}
 z - a potion of invisibility {unknown}
 A - a potion of flight {unknown}
 E - 2 potions of magic {unknown}
 F - 2 potions of brilliance {unknown}


   Skills:
 + Level 10.5 Fighting
 + Level 9.6 Dodging
 - Level 1.7 Stealth
 * Level 13.1 Unarmed Combat


You had 11 spell levels left.
You didn't know any spells.
Your spell library contained the following spells:

 Spells                   Type           Power      Damage    Failure   Level
 Gell's Gravitas          Tloc           0%         N/A       69%         3
 Teleport Other           Tloc           0%         N/A       69%         3
 Dispersal                Tloc           0%         N/A       100%        6


Dungeon Overview and Level Annotations

Branches:
Dungeon (8/15)             Temple (1/1) D:5            Lair (4/5) D:8
 Shoals (0/4) Lair:3        Snake (0/4) Lair:3
  Slime: Lair:4-5

Altars:
Dithmenos
Fedhas
Gozag
Hepliaklqana
Kikubaaqudgha
Makhleb
Okawaru
Ru
Sif Muna
Trog
Uskayaw
Wu Jian
Yredelemnul

Annotations:
D:4 exclusion: downstairs
D:5 exclusion: downstairs


Innate Abilities, Weirdness & Mutations

You have hooves in place of feet.
You are surrounded by a moderate repulsion field. (EV +3)
Your demonic aura causes all spilled blood to erupt in flames.
You regenerate health from kills.


Message History

The eight-headed hydra attacks as you move away!
The eight-headed hydra misses you.
The eight-headed hydra bites you but does no damage.
The eight-headed hydra bites you!
* * * LOW HITPOINT WARNING * * *
The eight-headed hydra completely misses you.
The eight-headed hydra bites you but does no damage.
The eight-headed hydra barely misses you. x2
The eight-headed hydra misses you. The yak barely misses you.
The yak is engulfed in blazing flames.
The cane toad is engulfed in blazing flames.
You feel much better. The yak barely misses you.
The yak is engulfed in blazing flames.
The yak gores you! The cane toad barely misses you.
The eight-headed hydra is engulfed in blazing flames.
As you read the scroll of teleportation, it crumbles to dust.
You feel strangely unstable.
The cane toad stings you but does no damage.
The yak is engulfed in blazing flames.
The yak barely misses you.
The yak is engulfed in blazing flames.
You kill the yak!
Okawaru accepts your kill. The cane toad closely misses you.
The eight-headed hydra is engulfed in blazing flames.
The eight-headed hydra bites you but does no damage.
The eight-headed hydra bites you. The eight-headed hydra bites you!
The eight-headed hydra misses you.
The eight-headed hydra bites you but does no damage. x2
The eight-headed hydra bites you!
* * * LOW HITPOINT WARNING * * *
The eight-headed hydra barely misses you.
The eight-headed hydra is engulfed in blazing flames.
The eight-headed hydra bites you!
* * * LOW HITPOINT WARNING * * *
You block the eight-headed hydra's attack.
The eight-headed hydra bites you but does no damage.
The eight-headed hydra bites you!
* * * LOW HITPOINT WARNING * * *
The eight-headed hydra bites you!
You die...

###......## ###
####...####.####P#
#.D...##.......#
#..°.............
##.F☼............
##...##.........
######.F...#.........
......D§F..†........#
.....YY@D..#.........
P...###☼†..#.....##.#
#P.# #........... ...
##........... !
#..<........#
#.......... #
.............
P..............
....[..........


You could see 3 eight-headed hydras, 2 yaks, a cane toad and 2 blink frogs.

Vanquished Creatures
  Fannar (Lair:3)
  A skeletal warrior (D:8)
  A manticore (D:8)
  A black mamba (Lair:2)
  Maurice (D:8)
  4 cane toads
  A gargoyle (D:8)
  An unseen horror (D:8)
  4 komodo dragons
  A polar bear (Lair:2)
  Prince Ribbit (D:7)
  Grinder (D:6)
  9 blink frogs
  A shadow (D:8)
  A slime creature (D:8)
  20 yaks
  A basilisk (shapeshifter) (D:8)
  3 basilisks
  A steam dragon (D:8)
  2 wyverns
  A vampire mosquito (D:8)
  A naga (Lair:3)
  An acid dragon (D:7)
  7 water moccasins
  5 orc warriors
  A sky beast (D:8)
  5 ice beasts
  2 black bears
  An ogre (D:6)
  6 centaurs
  A phantom (D:5)
  2 kobold brigands
  13 bullfrogs
  4 scorpions
  A killer bee (D:8)
  3 howler monkeys
  An electric eel (Lair:3)
  An orc priest (D:8)
  A jelly (D:6)
  5 hounds
  2 iguanas
  8 orc wizards
  6 adders
  A shadow imp (D:6)
  A white imp (D:5)
  An ufetubus (D:4)
  2 worms
  2 dart slugs
  25 orcs
  A bat (D:2)
  6 endoplasms
  5 giant cockroaches
  8 goblins
  4 hobgoblins
  11 jackals
  9 ball pythons
  7 frilled lizards
  5 kobolds
  7 rats
229 creatures vanquished.

Vanquished Creatures (others)
  An orc (D:8)
  A kobold (D:7)
  17 fungi
  10 plants
29 creatures vanquished.

Grand Total: 258 creatures vanquished

Notes
Turn   | Place    | Note
-------+----------+-------------------------------------------
     0 | D:1      | boo the Demonspawn Monk began the quest for the Orb.
     0 | D:1      | Reached XP level 1. HP: 18/18 MP: 1/1
   202 | D:1      | Reached skill level 3 in Unarmed Combat
   202 | D:1      | Gained mutation: You are surrounded by a mild repulsion
                  | field. (EV +2) [demonic ancestry]
   202 | D:1      | Reached XP level 2. HP: 4/24 MP: 2/2
   790 | D:1      | Gained mutation: You regenerate a little health from kills.
                  | [demonic ancestry]
   790 | D:1      | Reached XP level 3. HP: 29/29 MP: 3/3
  1475 | D:2      | Gained mutation: You have large cloven feet. [demonic
                  | ancestry]
  1475 | D:2      | Reached XP level 4. HP: 35/35 MP: 4/4
  2697 | D:4      | Reached skill level 4 in Unarmed Combat
  2775 | D:4      | Gained mutation: You are surrounded by a moderate repulsion
                  | field. (EV +3) [demonic ancestry]
  2775 | D:4      | Reached XP level 5. HP: 36/42 MP: 5/5
  3442 | D:4      | Gained mutation: Your demonic aura sometimes causes spilled
                  | blood to erupt in flames. [demonic ancestry]
  3442 | D:4      | Reached XP level 6. HP: 15/48 MP: 6/6
  3687 | D:4      | Reached skill level 5 in Unarmed Combat
  3741 | D:5      | Entered Level 5 of the Dungeon
  3741 | D:5      | Found a blossoming altar of Fedhas.
  3854 | D:5      | Found a shadowy altar of Dithmenos.
  3944 | D:5      | Found a staircase to the Ecumenical Temple.
  3972 | D:4      | Gained mutation: You regenerate health from kills. [demonic
                  | ancestry]
  3972 | D:4      | Reached XP level 7. HP: 11/55 MP: 7/7
  4285 | Temple   | Entered the Ecumenical Temple
  4292 | Temple   | Became a worshipper of Warmaster Okawaru
  4292 | Temple   | Reached * piety under Okawaru
  4292 | Temple   | Reached ** piety under Okawaru
  4318 | D:5      | Reached skill level 5 in Fighting
  4377 | D:5      | Reached skill level 6 in Unarmed Combat
  4853 | D:6      | Reached skill level 5 in Dodging
  4895 | D:6      | Gained mutation: You have hoof-like feet. [demonic
                  | ancestry]
  4895 | D:6      | Reached XP level 8. HP: 42/63 MP: 8/8
  4904 | D:6      | Noticed Grinder
  5163 | D:6      | Killed Grinder
  5164 | D:6      | Reached skill level 7 in Unarmed Combat
  5338 | D:6      | Found a hide-covered altar of Uskayaw.
  6004 | D:7      | Reached *** piety under Okawaru
  6005 | D:7      | Reached skill level 8 in Unarmed Combat
  6044 | D:7      | Noticed Prince Ribbit
  6055 | D:7      | Killed Prince Ribbit
  6056 | D:7      | Gained mutation: Your demonic aura often causes spilled
                  | blood to erupt in flames. [demonic ancestry]
  6056 | D:7      | Reached XP level 9. HP: 67/71 MP: 6/9
  7231 | D:8      | Found a hazy altar of Hepliaklqana.
  7327 | D:8      | Reached skill level 9 in Unarmed Combat
  7364 | D:8      | Noticed a komodo dragon
  7383 | D:8      | Reached **** piety under Okawaru
  7422 | D:8      | Found a bloodstained altar of Trog.
  7549 | D:8      | Found a staircase to the Lair.
  7617 | D:8      | Killed a komodo dragon
  7701 | D:8      | Noticed Maurice
  7808 | D:8      | Killed Maurice
  7809 | D:8      | Reached XP level 10. HP: 77/80 MP: 7/10
  7864 | D:8      | Reached ***** piety under Okawaru
  7869 | D:8      | Reached skill level 10 in Unarmed Combat
  7902 | D:8      | Noticed a skeletal warrior
  7941 | D:8      | Killed a skeletal warrior
  8075 | D:8      | Noticed a manticore
  8227 | D:8      | Found an ancient bone altar of Kikubaaqudgha.
  8377 | D:8      | Killed a manticore
  8405 | D:8      | Noticed a gargoyle
  8417 | D:8      | Killed a gargoyle
  8593 | D:8      | Reached skill level 11 in Unarmed Combat
  8723 | Lair:1   | Entered Level 1 of the Lair of Beasts
  8906 | Lair:1   | Noticed a cane toad
  8913 | Lair:1   | Killed a cane toad
  9159 | Lair:1   | Noticed a cane toad
  9172 | Lair:1   | Gained mutation: Your demonic aura causes all spilled blood
                  | to erupt in flames. [demonic ancestry]
  9172 | Lair:1   | Reached XP level 11. HP: 88/89 MP: 11/11
  9919 | Lair:2   | Received a gift from Okawaru
 10120 | Lair:2   | Reached skill level 12 in Unarmed Combat
 10774 | Lair:3   | Reached skill level 10 in Fighting
 10883 | Lair:3   | Noticed Fannar
 10895 | Lair:3   | Killed Fannar
 10907 | Lair:3   | Found a staircase to the Shoals.
 10931 | Lair:3   | Found a staircase to the Snake Pit.
 11289 | Lair:3   | Reached skill level 13 in Unarmed Combat
 11402 | Lair:3   | Gained mutation: You have hooves in place of feet. [demonic
                  | ancestry]
 11402 | Lair:3   | Reached XP level 12. HP: 91/98 MP: 12/12
 11662 | Lair:4   | Noticed an eight-headed hydra
 11667 | Lair:4   | Noticed an eight-headed hydra
 11669 | Lair:4   | Noticed an eight-headed hydra
 11677 | Lair:4   | HP: 1/98 [eight-headed hydra (11)]
 11677 | Lair:4   | Mangled by an eight-headed hydra

Illustrated notes

Levels and vault maps discovered:
D:1:      dpeg_arrival_arbitrary_a, layout_basic,
          nicolae_concentric_dashed_squares_mild
D:2:      layout_loops_ring, nicolae_elevator_lobby_plus
D:3:      layout_loops_cross, minmay_misc_feat_five, grunt_ministairs_5
D:4:      layout_basic, kennysheep_generic_room_11
D:5:      layout_rooms, fedhas_altar_2, grunt_dithmenos_smoke,
          minmay_temple_entry_statues
D:6:      layout_cave_pools, eat_drink_and_be_merry_uskayaw,
          serial_co_window_serial, co_window_corner_a, co_window_paths_b,
          co_window_corner_a, co_window_corner_a, co_window_paths_a,
          co_window_broadway_a, co_window_corner_b, co_window_of_opportunity_b,
          co_window_2corner, co_window_corner_b, co_window_corner_b,
          co_window_of_opportunity_b, glass_columns_a, glass_columns_b,
          grunt_ministairs_13, chequers_serial_rivers_room_a, uniq_grinder
D:7:      layout_layer_cave, uniq_prince_ribbit1
D:8:      hangedman_cross_veins, layout_loops_ring,
          mainiacjoe_overflow_24_doors,
          mainiacjoe_overflow_concentric_impassable,
          gammafunk_temple_overflow_statue, lemuel_crystal_altar,
          grunt_lair_entry_orc_guard_hut, uniq_maurice
Temple:   eino_temple_lava
Lair:1:   layout_hall_layers, nicolae_quartered_pool_super, grunt_megastairs_4,
          serial_bayou_shore_b, infiniplex_staircase_pool
Lair:2:   layout_chaotic_city, grunt_megastairs_2
Lair:3:   layout_chaotic_city, shoals_dummy_entry, guppyfry_snake_entry_garden,
          serial_bayou_ford_a, minivault_24, uniq_fannar
Lair:4:   layout_gridlike, nicolae_slime_entry_field_trip, grunt_megastairs_1,
          serial_bayou_shore_a

Skill      XL: |  1  2  3  4  5  6  7  8  9 10 11 |
---------------+----------------------------------+-----
Unarmed Combat | 3 4 5 6 8 9 11 13 | 13.1
Dodging        | 3 4 5 6 7 8 9 |  9.6
Fighting       | 4 5 6 7 9 10 | 10.5
Stealth        | |  1.7

Action                     |  1- 3 |  4- 6 |  7- 9 | 10-12 || total
---------------------------+-------+-------+-------+-------++-------
  Melee: Unarmed           |   152 |   258 |   236 |   251 ||   897
         Punch             |     3 |     9 |    20 |    13 ||    45
         Kick              |       |    78 |    82 |    87 ||   247
 Invoke: Heroism           |       |       |     7 |    18 ||    25
    Use: Scroll            |       |     5 |     4 |     4 ||    13
         Potion            |       |       |       |     3 ||     3
   Stab: Sleeping          |     3 |       |     1 |     3 ||     7
 Armour: Robe              |    10 |       |       |       ||    10
         Ring mail         |    22 |    59 |    24 |       ||   105
         Steam dragon scal |       |       |     6 |    64 ||    70
         Acid dragon scale |       |       |     1 |       ||     1
  Dodge: Dodged            |   108 |   175 |   148 |   195 ||   626
  Block: Other             |       |       |    54 |    45 ||    99
         Reflection        |       |       |     6 |     3 ||     9

Table legend: (Time is in decaauts)
 A = Elapsed time spent in this place.
 B = Non-inter-level travel time spent in this place.
 C = Inter-level travel time spent in this place.
 D = Time resting spent in this place.
 E = Time spent auto-exploring this place.
 F = Levels seen in this place.
 G = Mean time per level.
                   A        B        C        D        E       F      G
               +--------+--------+--------+--------+--------+-----+--------+
         Total |  11553 |  11224 |    329 |   2053 |   7069 |  13 |  888.7 |
       Dungeon |   8623 |   8337 |    286 |   1570 |   5099 |   8 | 1077.9 |
        Temple |     14 |      7 |      7 |      0 |      0 |   1 |   14.0 |
          Lair |   2915 |   2879 |     36 |    483 |   1970 |   4 |  728.8 |
               +--------+--------+--------+--------+--------+-----+--------+

Top non-repeatable levels by time:
     D:8: 1393 daAuts
     D:7: 1364 daAuts
     D:4: 1301 daAuts
     D:6: 1183 daAuts
     D:1: 1113 daAuts
  Lair:1: 1018 daAuts
  Lair:2: 985 daAuts
  Lair:3: 868 daAuts
     D:2: 767 daAuts
     D:3: 761 daAuts
     D:5: 738 daAuts
  Lair:4: 43 daAuts
  Temple: 14 daAuts
